 Dungeon Crawl Stone Soup version 0.28.0-47-ge53b351184 (webtiles) character file.

Game seed: 10371661317645889874

1836 101zpm the Thaumaturge (level 9, -5/55 HPs)
             Began as a Djinni Fire Elementalist on May 10, 2022.
             Slain by a sky beast (6 damage)
             ... on level 6 of the Dungeon.
             The game lasted 00:20:05 (11898 turns).

101zpm the Thaumaturge (Djinni Fire Elementalist)  Turns: 11898, Time: 00:20:05

Health: -5/55      AC:  3    Str:  7    XL:     9   Next: 33%
Gold:   327        EV: 12    Int: 21    God:
                   SH:  0    Dex: 14

rFire   + + .      SeeInvis .   t - +6 short sword
rCold   x . .      Faith    .   (no shield)
rNeg    . . .      Spirit   .   a - +0 robe
rPois   ∞          Reflect  .   (no helmet)
rElec   .          Harm     .   (no cloak)
rCorr   .          Rampage  .   m - +0 pair of gloves
Will    .....                   (boots unavailable)
Stlth   ++........              (no amulet)
HPRegen 0.18/turn               k - ring of wizardry
MPRegen 0.00/turn               (no ring)

@: flying
A: sickness immunity, fire resistance 2, cold vulnerability 1, float, innate
caster, HP casting, extra vitality 1
a: no special abilities


You were on level 6 of the Dungeon.
You visited 2 branches of the dungeon, and saw 9 of its levels.

You collected 327 gold pieces.

Inventory:

Hand Weapons
 t - a +6 short sword (weapon)
Missiles
 q - 10 boomerangs
Armour
 a - a +0 robe (worn)
 m - a +0 pair of gloves (worn)
Jewellery
 k - a ring of wizardry (left hand)
Wands
 j - a wand of polymorph (11)
 x - a wand of paralysis (8)
Scrolls
 g - 2 scrolls of magic mapping {unknown}
 l - a scroll of noise {unknown}
 n - 4 scrolls of torment {unknown}
 o - a scroll of amnesia {unknown}
 p - a scroll of fear {unknown}
 r - a scroll of identify {unknown}
 s - a scroll of immolation {unknown}
 w - a scroll of enchant armour {unknown}
 y - a scroll of teleportation {unknown}
 z - a scroll of holy word {unknown}
Potions
 b - 3 potions of degeneration {unknown}
 c - 5 potions of curing {unknown}
 d - a potion of resistance {unknown}
 e - 2 potions of mutation {unknown}
 f - 2 potions of cancellation {unknown}
 h - 2 potions of might {unknown}
 i - 3 potions of haste {unknown}
 u - a potion of magic {unknown}
 v - a potion of flight {unknown}


   Skills:
 + Level 2.7 Dodging
 + Level 3.2 Stealth
 + Level 8.8 Spellcasting


You had 2 spell levels left.
You knew the following spells:

 Your Spells              Type           Power      Damage    Failure   Level
a - Foxfire               Conj/Fire      100%       2x1d9     1%          1
b - Scorch                Fire           92%        2d10      1%          2
c - Conjure Flame         Conj/Fire      46%        6-21      1%          3
d - Inner Flame           Hex/Fire       46%        N/A       1%          3
e - Flame Wave            Conj/Fire      46%        2d10      1%          4
f - Sting                 Tmut/Pois      100%       1d8       1%          1
g - Blink                 Tloc           92%        N/A       1%          2
h - Frozen Ramparts       Ice            92%        1d11      1%          3
i - Petrify               Tmut/Erth      46%        N/A       1%          4
Your spell library was empty.

Dungeon Overview and Level Annotations

Branches:
Dungeon (8/15)             Temple (1/1) D:5
   Lair: D:8-11

Altars:
Ashenzari
Cheibriados
Elyvilon
Fedhas
Gozag
Kikubaaqudgha
Makhleb
Nemelex Xobeh
Qazlal
Trog
Uskayaw
Vehumet
Wu Jian
Xom
Yredelemnul
Zin
The Shining One
Lugonu

Shops:
D:2 (   D:4 (   D:5 *   D:7 :

Annotations:
D:2 1 runed translucent door, Crazy Yiuf


Innate Abilities, Weirdness & Mutations

You are immune to sickness and miasma.
You are immune to poison.
Your flesh is very heat resistant. (rF++)
You are vulnerable to cold. (rC-)
You float through the air rather than walking.
You learn spells naturally, not from books.
Your magical power is your life essence.
You have superior vitality. (+4 MHP)


Message History

You don't have enough health to cast this spell.
The kobold throws a stone.
The stone hits you but does no damage.
The kobold brigand throws a poisoned dart.
The poisoned dart hits you!
Casting: Foxfire (safe; 1% risk of failure)
Press: ? - help, Q - select action, (/) - cycle Dir - look around, f - activate You conjure some foxfire!
* * * LOW HITPOINT WARNING * * *
The kobold brigand is no longer more vulnerable to fire.
The foxfire hits the kobold brigand but does no damage.
The kobold brigand is heavily wounded.
The foxfire hits the kobold brigand.
The kobold brigand is severely wounded.
Casting: Foxfire (safe; 1% risk of failure)
Press: ? - help, Q - select action, (/) - cycle Dir - look around, f - activate You conjure some foxfire!
* * * LOW HITPOINT WARNING * * *
The foxfire hits the kobold brigand!
You kill the kobold brigand!
The foxfire hits the kobold.
The kobold is severely wounded.
Casting: Foxfire (safe; 1% risk of failure)
Press: ? - help, Q - select action, (/) - cycle Dir - look around, f - activate You conjure some foxfire!
* * * LOW HITPOINT WARNING * * *
The foxfire hits the kobold.
You kill the kobold!
Your foxfire dissipates!
You see here a +0 short sword.
A kobold comes into view.
It is wielding a +0 short sword of holy wrath.
The kobold throws a stone.
The stone hits you but does no damage.
The kobold throws a stone.
The stone hits you.
* * * LOW HITPOINT WARNING * * *
As you open the door, it creaks loudly!
There is an open door here.
The sky beast closely misses you. The sky beast hits you.
* * * LOW HITPOINT WARNING * * *
The sky beast shocks you.
You die...

#.##.##.# #.# #.#..# #.##.##.#
##+## #.#..# #.##..#.# ##...##
#....# #.###.#.###.....##
####..#.#
#.#..............####.#...#.#
#.......#.........##........#
#.......'.........'.............
###....###.......Y.###....#######
#......# #....<.@.## #.#.##
#.##.### #.#.....## #.###
#.##.#####.##...## #.#
#.##..:....###'## #.#
#.########## #.# #.# #.#
########.# #K# #.# .........##
#.# #.# #######...## #.# #.#
#.....## #.#


You could see a sky beast.

Vanquished Creatures
  A wyvern (D:7)
  A sky beast (D:5)
  A centaur (D:4)
  A phantom (D:5)
  A kobold brigand (D:6)
  2 bullfrogs
  10 wights
  A centaur zombie (D:6)
  A crimson imp (D:6)
  3 hounds
  An orc priest (D:7)
  2 bullfrog skeletons
  3 jellies (D:4)
  3 iguanas
  A scorpion zombie (D:5)
  6 orc wizards
  A hound skeleton (D:5)
  2 howler monkey zombies
  2 howler monkey skeletons (D:7)
  4 adders
  A shadow imp (D:5)
  A white imp (D:8)
  An ufetubus (D:4)
  4 worms (D:2)
  4 dart slugs
  24 orcs
  7 bats
  16 endoplasms
  2 giant cockroaches
  8 goblins
  A hobgoblin (D:3)
  12 kobolds
  7 quokkas
  6 ball pythons
  6 frilled lizards
  3 rats
150 creatures vanquished.

Vanquished Creatures (collateral kills)
  18 foxfires (D:1)
18 creatures vanquished.

Vanquished Creatures (others)
  A human (D:3)
  727 foxfires
  5 fungi (D:4)
  5 plants (D:1)
  9 toadstools (D:4)
747 creatures vanquished.

Grand Total: 915 creatures vanquished

Notes
Turn   | Place    | Note
-------+----------+-------------------------------------------
     0 | D:1      | 101zpm the Djinni Fire Elementalist began the quest for the
                  | Orb.
     0 | D:1      | Reached XP level 1. HP: 15/15 MP: 0/0
   468 | D:1      | Reached XP level 2. HP: 15/21 MP: 0/0
   792 | D:1      | Reached skill level 3 in Spellcasting
  1073 | D:1      | Reached XP level 3. HP: 20/25 MP: 0/0
  1073 | D:1      | Learned a level 1 spell: Sting
  2090 | D:2      | Found Beleuh's Weapon Boutique.
  2329 | D:2      | Found a faded altar of an unknown god.
  3052 | D:2      | Reached XP level 4. HP: 25/31 MP: 0/0
  3858 | D:2      | Found a runed translucent door.
  3859 | D:2      | Noticed Crazy Yiuf
  4827 | D:3      | Noticed a human
  4830 | D:3      | Killed a human
  5008 | D:4      | Reached skill level 4 in Spellcasting
  5008 | D:4      | Reached XP level 5. HP: 26/35 MP: 0/0
  5008 | D:4      | Learned a level 2 spell: Blink
  5222 | D:4      | Noticed a bullfrog
  5224 | D:4      | Killed a bullfrog
  5236 | D:4      | Reached XP level 6. HP: 25/40 MP: 0/0
  5572 | D:4      | Found Sebi's Antique Weapon Shoppe.
  5744 | D:4      | Reached skill level 5 in Spellcasting
  6203 | D:4      | HP: 2/40 [spore (13)]
  6645 | D:4      | Reached XP level 7. HP: 9/45 MP: 0/0
  6645 | D:4      | Learned a level 3 spell: Frozen Ramparts
  6907 | D:5      | Entered Level 5 of the Dungeon
  7150 | D:4      | Found a glowing silver altar of Zin.
  7150 | D:4      | Found a white marble altar of Elyvilon.
  7978 | D:5      | Found a bloodstained altar of Trog.
  8025 | D:5      | Reached skill level 6 in Spellcasting
  8158 | D:5      | Found a sparkling altar of Nemelex Xobeh.
  8173 | D:5      | Found a stormy altar of Qazlal.
  8209 | D:5      | Found Oremimp's Neck Hole.
  8225 | D:5      | Found a staircase to the Ecumenical Temple.
  8256 | Temple   | Entered the Ecumenical Temple
  8435 | D:5      | Reached XP level 8. HP: 5/50 MP: 0/0
  8778 | D:5      | Found a broken altar of Ashenzari.
  9273 | D:5      | Found a glowing golden altar of the Shining One.
  9759 | D:7      | Reached skill level 7 in Spellcasting
  9977 | D:7      | Noticed a wyvern
  9982 | D:7      | Killed a wyvern
 10203 | D:7      | Reached skill level 8 in Spellcasting
 10203 | D:7      | Reached XP level 9. HP: 31/55 MP: 0/0
 10203 | D:7      | Learned a level 4 spell: Petrify
 10992 | D:7      | Found Lajaka Ezie's Book Emporium.
 11804 | D:6      | Found a shimmering altar of Xom.
 11804 | D:6      | Found a burning altar of Makhleb.
 11898 | D:6      | HP: 1/55 [sky beast (4)]
 11898 | D:6      | Slain by a sky beast

Illustrated notes

Levels and vault maps discovered:
D:1:      lemuel_arrival_behind_the_door_small, layout_loops_ring, serial_bayou,
          serial_bayou_crossing, serial_bayou_pond_b, serial_bayou_ford_a,
          serial_bayou_pond_a, minmay_pentomino_r4
D:2:      layout_basic, shapermc_ecumenical_altar_totnotflames, serial_shops,
          nicolae_shop_bloodbath_and_beyond, uniq_crazy_yiuf_cottage
D:3:      layout_basic, tgw_kikubaaqudgha
D:4:      cheibrodos_fertilizer, layout_cave_pools,
          gammafunk_temple_overflow_statue, serial_shops, shop, st_stairs_13,
          lemuel_flame_loot_1
D:5:      layout_gridville, nicolae_overflow_crystal_walls,
          mainiacjoe_overflow_cross_hatched,
          mainiacjoe_overflow_six_doors_small, lemuel_doored_altar, tso_altar,
          minmay_temple_entry_stoned_glass, nicolae_shop_sticking_my_neck_out
D:6:      minmay_evil_eye, layout_loops_corners,
          grunt_temple_overflow_champion_of_chaos,
          mainiacjoe_overflow_concentric_impassable, serial_shops,
          nicolae_lakefront_shop, uniq_eustachio
D:7:      layout_basic, serial_shops, nicolae_shop_hallway_plus,
          serial_park_tiny_pond
D:8:      layout_basic, lemuel_coloured_pillars_altar, uniq_maggie
Temple:   corrupted_temple

Skill      XL: |  1  2  3  4  5  6  7  8 |
---------------+-------------------------+-----
Spellcasting   | 3 4 5 6 8 |  8.8
Stealth        | 2 3 |  3.2
Dodging        | |  2.7

Action                   |  1- 3 |  4- 6 |  7- 9 || total
-------------------------+-------+-------+-------++-------
 Cast: Foxfire           |   151 |   154 |   160 ||   465
       Scorch            |     4 |     7 |    41 ||    52
       Inner Flame       |       |    30 |    60 ||    90
       Blink             |       |     1 |     3 ||     4
       Frozen Ramparts   |       |       |     1 ||     1
       Sting             |       |       |     8 ||     8
       Petrify           |       |       |     1 ||     1
Armor: Robe              |     4 |     3 |     5 ||    12
Dodge: Dodged            |     2 |     3 |    14 ||    19
